Cogmind - Beta 12 @@@ ROGUE MODE // 2023.03.09 @ 03:10:59 Player: Red Box Result: Destroyed by G-47 Trooper with Particle Gun Performance ------------- Evolutions (2) 1000 Regions Visited (8) 1600 Robots Destroyed (142) 710 Value Destroyed (5005) 5005 Prototype IDs (39) 780 Alien Tech Used (0) 0 Bonus (940) 940 TOTAL SCORE: 10035 Bonus ------- High Alert Combat Kills 333 Follower Combat Kills 107 Entered Garrisons 200 Aligned with FarCom 300 Cogmind --------- Core Integrity 0/550 Matter 76/300 Energy 135/160 System Corruption 0% Temperature Cool (39) Movement Treading (320) Ox2 Location -8/Garrison Parts ------- > --- POWER (1) -------- Light Nuclear Core > --- PROPULSION (2) --- Light Treads Light Treads > --- UTILITY (6) ------ Improved Heat Sink Huge Storage Unit Advanced Targeting Computer Core Analyzer System Shield > --- WEAPON (2) ------- EM Pulse Cannon Assault Cannon > --- INVENTORY (25) --- Advanced Myomer Leg Armored Wheel Armored Wheel High-capacity Storage Unit Compact Battery (200) High-capacity Matter Pod (200) Experimental Targeting Computer Improved Armor Integrity Analyzer Advanced Transmission Jammer Authchip [R/NC] Advanced Component Analysis Suite Improved System Guard System Purifier AS-neutralizer No. 17b Advanced Beam Rifle 8R-AWN's Boregun Assault Cannon Advanced EMP Blaster Heavy Missile Launcher Great Maul Peak State ------------ > --- POWER ------------ Improved Ion Engine > --- PROPULSION ------- Armored Wheel Armored Wheel > --- UTILITY ---------- Huge Storage Unit Advanced Targeting Computer Core Analyzer Advanced Transmission Jammer Insulated Plating System Shield > --- WEAPON ----------- 8R-AWN's Boregun Assault Cannon > --- INVENTORY -------- Light Nuclear Core Light Treads Light Treads Advanced Myomer Leg Improved Heat Sink High-capacity Storage Unit Compact Battery High-capacity Matter Pod Experimental Targeting Computer Improved Armor Integrity Analyzer Recoil Stabilizer Authchip [R/NC] Advanced Component Analysis Suite Improved System Guard System Purifier AS-neutralizer No. 17b Advanced Beam Rifle EM Pulse Cannon Assault Cannon Advanced EMP Blaster Heavy Missile Launcher Great Maul Deploy-a-Sentry [Rating: 49] Favorites ----------- Power Improved Ion Engine Engine Improved Ion Engine Power Core Light Nuclear Core Propulsion Wheel Treads Light Treads Leg Aluminum Leg Wheel Wheel Utility High-capacity Storage Unit Device Improved Terrain Scanner Storage High-capacity Storage Unit Processor Core Analyzer Hackware System Shield Protection Medium Armor Plating Weapon Improved Light Cannon Energy Gun Heavy EM Shotgun Energy Cannon Advanced Beam Cannon Ballistic Gun Assault Rifle Ballistic Cannon Improved Light Cannon Launcher Shock Bomb Launcher Impact Weapon Great Maul Slashing Weapon Longsword +1 Special Melee Weapon Datajack Build | -11 -10 -10 -9 -9 -9 -8 -8 -8 ------- Run | Jun Mat Min Mat Min Exi Min Mat Gar Slots Evolved 4 | . . . 2 . . . 2 . Power . | . . . . . . . . . Propulsion . | . . . . . . . . . Utility 4 | . . . 2 . . . 2 . Weapon . | . . . . . . . . . Parts Attached 230 | 9 27 . 46 10 32 1 62 43 Power 14 | 1 2 . 5 2 1 . 1 2 Engine 13 | 1 2 . 5 2 1 . 1 1 Core 1 | . . . . . . . . 1 Reactor . | . . . . . . . . . Propulsion 28 | 3 7 . 3 1 6 . 4 4 Treads 8 | . 2 . 1 . 3 . . 2 Leg 4 | 2 . . . . 1 . 1 . Wheel 16 | 1 5 . 2 1 2 . 3 2 Hover . | . . . . . . . . . Flight . | . . . . . . . . . Utility 86 | 2 6 . 17 3 14 1 30 13 Device 41 | 1 . . 7 1 6 . 16 10 Storage 13 | 1 3 . 1 . 4 . 2 2 Processor 5 | . . . 2 . 1 . 2 . Hackware 3 | . . . . . . 1 2 . Protection 24 | . 3 . 7 2 3 . 8 1 Artifact . | . . . . . . . . . Weapon 102 | 3 12 . 21 4 11 . 27 24 Energy Gun 17 | 2 5 . 3 . . . 5 2 Energy Cannon 15 | . . . 6 . . . 6 3 Ballistic Gun 9 | 1 2 . 1 . 3 . 1 1 Ballistic Cannon 31 | . 2 . 6 3 4 . 8 8 Launcher 11 | . . . . 1 2 . 2 6 Special Weapon . | . . . . . . . . . Impact Weapon 15 | . 2 . 4 . . . 5 4 Slashing Weapon 2 | . . . . . 2 . . . Piercing Weapon . | . . . . . . . . . Special Melee Weapon 2 | . 1 . 1 . . . . . Unidentified Prototypes 6 | . . . 2 . 4 . . . Parts Lost 37 | . 9 . 3 4 7 . 4 10 Power 6 | . 2 . . 1 1 . . 2 Propulsion 12 | . 3 . 1 1 3 . 2 2 Utility 10 | . . . 1 2 3 . . 4 Weapon 9 | . 4 . 1 . . . 2 2 Highest Loss Streak 7 | . 3 . 1 4 5 . 1 7 To Critical Strikes 3 | . . . 1 . 2 . . . Average Slot Usage (%) 94 | . 88 100 99 91 80 100 99 95 Engine 9 | . 7 14 10 11 10 11 9 5 Treads 8 | . 8 28 13 . 11 . . 5 Wheel 11 | . 18 . 8 21 7 22 15 12 Device 8 | . 9 . 8 8 9 12 8 11 Storage 10 | . 14 14 11 11 12 11 9 9 Processor 13 | . . . 17 11 11 11 17 18 Hackware 3 | . . . . . . 9 11 9 Protection 6 | . 4 14 6 10 6 . 7 2 Energy Gun 4 | . 4 . 6 . . . 8 1 Energy Cannon 2 | . . . 6 . . . 2 4 Ballistic Cannon 8 | . 8 28 8 16 4 22 5 10 Impact Weapon 1 | . 5 . . . . . 1 1 Naked Turns . | . . . . . . . . . Heaviest Build 220 | 15 45 34 68 70 220 62 106 106 Greatest Support 40 | 20 40 40 40 20 40 20 32 40 Greatest Overweight (x) 70 | 3 2 . 4 6 70 3 6 4 Average Overweight (x) 2 | . . . 1 2 1 3 3 3 Largest Inventory Capacity 35 | 8 20 15 20 20 35 20 25 25 Average Capacity 19 | 7 12 15 16 20 20 20 22 24 Most Carried 25 | 8 15 15 20 20 20 20 25 25 Average Carried 17 | 4 10 15 15 19 16 20 21 21 Final Capacity 25 | 8 15 15 20 20 20 20 25 25 Final Carried 25 | 8 15 15 20 20 20 20 25 20 Class Distribution -------------------- 85% | Mutant 7% | Scavenger-Mutant 3% | Commander-Mutant Dominant Class ---------------- Mutant | -10/Materials Commander-Mutant | -10/Mines Mutant | -9/Materials Mutant | -9/Mines Mutant | -9/Exiles Mutant | -8/Mines Mutant | -8/Materials Mutant | -8/Garrison Resources | -11 -10 -10 -9 -9 -9 -8 -8 -8 ----------- Run | Jun Mat Min Mat Min Exi Min Mat Gar Matter Collected 4281 | 335 474 52 851 234 649 24 1156 506 Remotely . | . . . . . . . . . Salvage Created 4619 | 149 495 32 1280 122 282 21 1643 595 Parts 297 | 14 24 4 82 9 32 1 95 36 Haulers Intercepted 2 | . . . 1 . . . 1 . Recyclers Shooed 1 | . . . . . . . 1 . Parts Field Recycled . | . . . . . . . . . Retrieved Matter . | . . . . . . . . . Parts Self-Destructed . | . . . . . . . . . Prevented . | . . . . . . . . . Kills | -11 -10 -10 -9 -9 -9 -8 -8 -8 ------- Run | Jun Mat Min Mat Min Exi Min Mat Gar Combat Hostiles Destroyed 117 | . 12 2 28 6 8 1 34 26 Melee 7 | . 3 . . . 2 . 1 1 Guns 25 | . 2 . 10 . . . 9 4 Cannons 50 | . . 2 17 3 . 1 21 6 AOE 28 | . 3 . 1 3 6 . 3 12 Classes Destroyed 18 | 2 4 . 5 1 3 1 1 1 Worker 5 | . . . 1 2 . . 2 . Builder 2 | . 1 . . . . . 1 . Tunneler 5 | 4 1 . . . . . . . Hauler 2 | . . . 1 . . . 1 . Recycler 1 | 1 . . . . . . . . Turret 1 | . . . . . 1 . . . Watcher 13 | . 3 . 5 . . . 5 . Swarmer 21 | . 3 1 . 2 . . 3 12 Cutter 3 | . . . . . . . . 3 Grunt 53 | . 9 1 15 3 . . 17 8 Brawler 2 | . . . 2 . . . . . Duelist 3 | . . . 1 . . . 2 . Protector 1 | . . . . . . . 1 . Sentry 22 | . . . 10 . . . 10 2 Demolisher 1 | . . . . 1 . . . . Hunter 3 | . . . . . . 1 1 1 Zionite 1 | . . . . . 1 . . . Assembled 7 | . . . . . 7 . . . Best Kill Streak 8 | 3 3 1 4 7 7 1 4 8 Combat Bots Only 8 | . 3 1 4 5 7 1 3 8 Max Kills in Single Turn 4 | 1 3 1 2 3 4 1 3 4 Gunslinging 1 | . . . 1 . . . 1 . Exploded 4 | . 3 . 1 3 4 . 3 4 Melee 1 | . 1 . . . 1 . 1 1 Uniques/NPCs Destroyed 4 | . . . . . 4 . . . 8R-AWN (-9/Exiles) EX-HEX (-9/Exiles) EX-BIN (-9/Exiles) EX-DEC (-9/Exiles) Combat | -11 -10 -10 -9 -9 -9 -8 -8 -8 -------- Run | Jun Mat Min Mat Min Exi Min Mat Gar Damage Taken 6050 | . 702 90 1011 402 1378 49 876 1542 Core 1150 | . 193 21 130 16 199 34 221 336 Absorbed by Shields . | . . . . . . . . . Redirected to Shielding 4 | . . 4 . . . . . . Regen/Repaired (Parts) 50 | . 20 . 27 . . . 3 . Core Remaining (%) 39 | 100 . 14 . . . 5 . . Volleys Fired 324 | 15 26 6 76 7 44 3 75 72 Largest 2 | 2 2 2 2 2 2 2 2 2 Hottest 136 | 60 90 78 136 88 88 88 126 111 Shots Fired 559 | 30 50 12 154 16 48 6 139 104 Gun 191 | 30 50 . 58 . . . 36 17 Cannon 344 | . . 12 96 15 34 6 102 79 Launcher 24 | . . . . 1 14 . 1 8 Special . | . . . . . . . . . Kinetic 314 | 15 11 12 93 15 34 6 75 53 Thermal 35 | 7 9 . 8 . . . 8 3 Explosive 8 | . . . . . 2 . 1 5 Electromagnetic 202 | 8 30 . 53 1 12 . 55 43 Robot Hit Streak 17 | 9 8 4 17 4 4 7 14 15 Robot Miss Streak 8 | 3 4 2 3 6 2 . 8 5 Penetration Max . | . . . . . . . . . Secondary Targets 3 | . . . 1 . . . 1 1 Max Gunslinging Chain 1 | . . . 1 . . . 1 1 Shots Hit Robots 406 | 18 39 8 106 11 40 6 121 57 Core Hits 245 | 6 15 2 46 18 18 2 106 32 Critical Kills 2 | . 2 . . . . . . . Critical Parts Destroyed 7 | . 4 . . . . . 1 2 Critical Strikes 18 | . 6 1 4 . 3 . 2 2 Burn 1 | . . . . . . . 1 . Blast 4 | . . 1 2 . 1 . . . Corrupt 2 | . . . 2 . . . . . Smash 9 | . 6 . . . . . 1 2 Sever 2 | . . . . . 2 . . . Melee Attacks 127 | . 28 . 17 . 46 . 18 18 Impact 81 | . 28 . 17 . . . 18 18 Slashing 46 | . . . . . 46 . . . Piercing . | . . . . . . . . . Sneak Attacks 4 | . . . . . 3 . 1 . Combat Hostiles . | . . . . . . . . . Follow-up Attacks . | . . . . . . . . . Damage Inflicted 11700 | 220 1116 174 2139 463 2352 110 2564 2562 Guns 2380 | 220 430 . 805 . . . 650 275 Cannons 4365 | . . 174 1288 269 114 110 1559 851 Explosions 2458 | . 315 . 46 194 621 . 197 1085 Melee 2497 | . 371 . . . 1617 . 158 351 Ramming . | . . . . . . . . . Kinetic 3708 | 123 78 174 1254 269 114 110 926 660 Thermal 855 | 33 406 . 159 102 . . 84 71 Explosive 1585 | . . . . . 493 . 197 895 Electromagnetic 3055 | 64 261 . 726 92 128 . 1199 585 Impact 880 | . 371 . . . . . 158 351 Slashing 1617 | . . . . . 1617 . . . Piercing . | . . . . . . . . . Highest Corruption 4 | . . . 4 4 4 . . . Average Corruption 3 | . . . 4 4 3 . . . Corruption Purged 4 | . . . . . 4 . . . Corruption Blocked . | . . . . . . . . . Effects 120 | . . . 43 22 55 . . . Message Errors 34 | . . . 16 6 12 . . . Matter Fused 26 | . . . 7 5 14 . . . Heat Flow Errors 13 | . . . 7 . 6 . . . Energy Discharges 11 | . . . 5 . 6 . . . Parts Rejected 2 | . . . . 1 1 . . . Parts Fused 3 | . . . . . 3 . . . Data Loss (minor) 15 | . . . 3 7 5 . . . Data Loss (major) 7 | . . . 2 1 4 . . . Misfires 5 | . . . 2 2 1 . . . Alerts 3 | . . . 1 . 2 . . . Weapon Failures 1 | . . . . . 1 . . . Overload Shots . | . . . . . . . . . Overflow Damage 807 | . 268 2 . 12 175 . 123 227 Projectiles 54 | . . 2 . . . . 29 23 Explosions 247 | . 130 . . 12 . . . 105 Melee 506 | . 138 . . . 175 . 94 99 Knockbacks 68 | . 1 4 6 15 . 2 33 7 Impact 2 | . 1 . . . . . . 1 Kinetic 65 | . . 4 6 15 . 2 32 6 Secondary 1 | . . . . . . . 1 . Self-Inflicted Damage 320 | . 215 . 53 . . . 18 34 Shots 10 | . 5 . 1 . . . 1 3 Rammed . | . . . . . . . . . Targets Rammed . | . . . . . . . . . Kicked . | . . . . . . . . . Crushed . | . . . . . . . . . Highest Temperature 287 | . 234 72 261 30 252 90 255 287 Average Temperature 66 | . 57 30 61 10 65 47 66 97 Received Heat Transfer 1719 | . 309 18 366 18 . . 441 567 Effects 5 | . . . . . . . 3 2 Energy Bleed 2 | . . . . . . . . 2 Interference 3 | . . . . . . . 3 . Siege Activations . | . . . . . . . . . Robots Corrupted 4 | . 1 . . . 1 . . 2 Combat Hostiles 2 | . . . . . . . . 2 Parts Fried 22 | . 9 . 4 . . . 6 3 Impact Corruptions 14 | . 8 . . . . . 3 3 Robots Melted . | . . . . . . . . . Combat Hostiles . | . . . . . . . . . Parts Melted . | . . . . . . . . . Heat Transferred 1273 | 75 500 . 235 150 . . 222 91 Parts Sabotaged . | . . . . . . . . . Parts Stolen . | . . . . . . . . . Parts Stripped . | . . . . . . . . . Power Chain Reactions 6 | . 3 . 1 1 . . 1 . Missiles Intercepted . | . . . . . . . . . Alert | -11 -10 -10 -9 -9 -9 -8 -8 -8 ------- Run | Jun Mat Min Mat Min Exi Min Mat Gar Peak Influence 1405 | 25 191 93 579 317 . 45 556 1405 Initial 178 | . 16 . 35 178 . . 17 161 Average 304 | 12 84 19 237 150 . 43 348 822 Maximum Alert Level 4 | . . . 2 1 . . 2 4 Low Security (%) 45 | 100 100 100 51 68 . 100 13 4 Level 1 18 | . . . 4 31 . . 49 8 Level 2 28 | . . . 44 . . . 36 34 Level 3 2 | . . . . . . . . 19 Level 4 4 | . . . . . . . . 33 Level 5 . | . . . . . . . . . High Security . | . . . . . . . . . Max Security . | . . . . . . . . . Squads Dispatched 11 | . 2 . 3 1 . . 5 . Investigation 4 | . 2 . 1 1 . . . . Extermination . | . . . . . . . . . Reinforcement 2 | . . . 1 . . . 1 . Assault 2 | . . . 1 . . . 1 . Garrison 3 | . . . . . . . 3 . Intercept . | . . . . . . . . . Searches Triggered . | . . . . . . . . . Construction Impeded . | . . . . . . . . . Haulers Reinforced . | . . . . . . . . . Active Scanning Responses . | . . . . . . . . . Cargo Convoy Interrupts . | . . . . . . . . . Stealth | -11 -10 -10 -9 -9 -9 -8 -8 -8 --------- Run | Jun Mat Min Mat Min Exi Min Mat Gar Distress Signals 5 | . 2 . 3 . . . . . Communications Jammed 13 | . . . . . . . 13 . Distress Signals 9 | . . . . . . . 9 . Times Spotted 252 | . 25 5 43 7 82 1 52 37 Peak Tracking Total 9 | . 4 3 5 5 9 1 5 5 Tactical Retreats 35 | . 1 . 3 . 20 . 1 10 Traps | -11 -10 -10 -9 -9 -9 -8 -8 -8 ------- Run | Jun Mat Min Mat Min Exi Min Mat Gar Traps Triggered 6 | . 2 . 1 . . . 1 2 Indirectly . | . . . . . . . . . Trap Hack Attempts 70 | . 21 . 49 . . . . . Triggered . | . . . . . . . . . Disarmed . | . . . . . . . . . Reprogrammed 5 | . 2 . 3 . . . . . Reused 4 | . 1 . . . 3 . . . Traps Extracted 3 | . . . 3 . . . . . Installed 3 | . . . . . 3 . . . Triggered 1 | . 1 . . . . . . . Most Traps Carried 3 | . . . 3 3 3 . . . Machines | -11 -10 -10 -9 -9 -9 -8 -8 -8 ---------- Run | Jun Mat Min Mat Min Exi Min Mat Gar Machines Disabled 28 | . 4 1 4 . 9 . 4 6 Max in Single Turn 3 | . 3 . 1 . 2 . 2 1 Garrison Relay 3 | . . . . . . . . 3 Machines Repaired . | . . . . . . . . . Machines Sabotaged . | . . . . . . . . . Overloaded Fab Kills . | . . . . . . . . . Hacking | -11 -10 -10 -9 -9 -9 -8 -8 -8 --------- Run | Jun Mat Min Mat Min Exi Min Mat Gar Machines Accessed 48 | . 10 . 15 1 2 1 17 2 Terminals 31 | . 7 . 10 . . 1 11 2 Fabricators . | . . . . . . . . . Repair Stations 4 | . 1 . 1 . . . 2 . Recycling Units 5 | . 2 . 2 . . . 1 . Scanalyzers 4 | . . . 2 . . . 2 . Garrison Access 1 | . . . . . . . 1 . Total Hacks 152 | . 31 . 34 1 3 4 77 2 Successful 96 | . 24 . 16 1 3 1 50 1 Failed 56 | . 7 . 18 . . 3 27 1 Catastrophic 6 | . 1 . 1 . . 2 1 1 Database Lockouts . | . . . . . . . . . Manual 79 | . 24 . 15 . 1 3 36 . Terminals 101 | . 22 . 24 . . 4 49 2 Fabricators . | . . . . . . . . . Repair Stations 12 | . 2 . 3 . . . 7 . Recycling Units 12 | . 7 . 3 . . . 2 . Scanalyzers 22 | . . . 4 . . . 18 . Garrison Access 1 | . . . . . . . 1 . Terminal Hacks 34 | . 10 . 6 1 3 1 12 1 Record 2 | . . . . . 2 . . . Robot Schematic 1 | . 1 . . . . . . . Robot Analysis 12 | . 5 . 2 . . . 5 . Prototype ID Bank 1 | . . . . . . . 1 . Open Door 1 | . . . . 1 . . . . Branch Access Points 1 | . . . 1 . . . . . Emergency Access Points 1 | . . . . . . . . 1 Terminal Index 2 | . 1 . 1 . . . . . Alert Level 1 | . . . . . . . 1 . Unreport Threat 3 | . . . 1 . . . 2 . Locate Traps 4 | . 2 . . . . . 2 . Recall Investigation 1 | . 1 . . . . . . . Recall Reinforcements 1 | . . . 1 . . . . . Hauler Manifests 1 | . . . . . . . 1 . Zone Layout 1 | . . . . . . 1 . . EX-Prototype ID Bank 1 | . . . . . 1 . . . Fabricator Hacks . | . . . . . . . . . Repair Station Hacks 8 | . 2 . 2 . . . 4 . Scan Component 4 | . 1 . 1 . . . 2 . Repair 4 | . 1 . 1 . . . 2 . Recycling Unit Hacks 4 | . 3 . . . . . 1 . Report Inventory 2 | . 2 . . . . . . . Retrieve Components 2 | . 1 . . . . . 1 . Scanalyzer 19 | . . . 2 . . . 17 . Insert Component 9 | . . . 1 . . . 8 . Analyze 10 | . . . 1 . . . 9 . Garrison Access Hacks 1 | . . . . . . . 1 . Unlock Access 1 | . . . . . . . 1 . Unauthorized Hacks 30 | . 9 . 6 . . . 15 . Terminals 26 | . 6 . 6 . . . 14 . Track 6 | . 2 . 1 . . . 3 . Assimilate 5 | . 1 . 1 . . . 3 . Botnet 11 | . 2 . 3 . . . 6 . Disrupt 1 | . . . . . . . 1 . Operators 3 | . 1 . 1 . . . 1 . Fabricators . | . . . . . . . . . Repair Stations . | . . . . . . . . . Recycling Units 4 | . 3 . . . . . 1 . Reject 3 | . 2 . . . . . 1 . Mask 1 | . 1 . . . . . . . Scanalyzers . | . . . . . . . . . Garrison Access . | . . . . . . . . . Data Cores Recovered . | . . . . . . . . . Used . | . . . . . . . . . Hacking Detections 40 | . 9 . 14 . . 1 15 1 Full Trace Events . | . . . . . . . . . Feedback Events . | . . . . . . . . . Feedback Blocked . | . . . . . . . . . Robot Schematics Acquired 1 | . 1 . . . . . . . Robots Built . | . . . . . . . . . Authchips . | . . . . . . . . . Time . | . . . . . . . . . Total Robot Build Rating . | . . . . . . . . . Part Schematics Acquired 8 | . . . 1 . . . 7 . Parts Built . | . . . . . . . . . Authchips . | . . . . . . . . . Time . | . . . . . . . . . Total Part Build Rating . | . . . . . . . . . Parts Repaired 4 | . 1 . 1 . . . 2 . Time 230 | . 26 . 32 . . . 172 . Parts Recycled . | . . . . . . . . . Recycled Matter . | . . . . . . . . . Retrieved Matter . | . . . . . . . . . Retrieved Components 18 | . 9 . . . . . 9 . Parts Scanalyzed 8 | . . . 1 . . . 7 . Part Schematics Acquired 8 | . . . 1 . . . 7 . Parts Damaged 3 | . . . . . . . 3 . Bothacking | -11 -10 -10 -9 -9 -9 -8 -8 -8 ------------ Run | Jun Mat Min Mat Min Exi Min Mat Gar Used RIF Installer . | . . . . . . . . . Robots Hacked . | . . . . . . . . . Non-combat . | . . . . . . . . . Combat . | . . . . . . . . . Robot Hacks Applied . | . . . . . . . . . Relay Couplers Released 12 | . . . . . . . . 12 Machine Destruction 12 | . . . . . . . . 12 Fabnet Peak Effective % . | . . . . . . . . . Robots Rewired 1 | . . . . . . . 1 . Allies Hacked . | . . . . . . . . . Hacks Repelled . | . . . . . . . . . Allies | -11 -10 -10 -9 -9 -9 -8 -8 -8 -------- Run | Jun Mat Min Mat Min Exi Min Mat Gar Total Allies 7 | . 1 3 1 . . . 2 . Largest Group 4 | . 1 4 3 . . . 1 . Highest-Rated Group 50 | . 10 50 42 . . . 10 . Highest-Rated Ally 16 | . 10 16 16 . . . 10 . Total Orders 8 | . . . 8 . . . . . STAY 4 | . . . 4 . . . . . FOLLOW 4 | . . . 4 . . . . . Ally Attacks 31 | . . 9 17 . . . . 5 Total Damage 540 | . . 90 164 . . . . 286 Kills 5 | . . 3 1 . . . . 1 Allies Corrupted . | . . . . . . . . . Allies Melted . | . . . . . . . . . Turrets Deployed 1 | . . . . . . . . 1 Intel | -11 -10 -10 -9 -9 -9 -8 -8 -8 ------- Run | Jun Mat Min Mat Min Exi Min Mat Gar Robot Analysis Total 11 | . 4 . 2 . . . 5 . Derelict Logs Recovered 2 | . . 1 . 1 . . . . Drone Launches . | . . . . . . . . . Drone Recoveries . | . . . . . . . . . Exploration | -11 -10 -10 -9 -9 -9 -8 -8 -8 ------------- Run | Jun Mat Min Mat Min Exi Min Mat Gar Turns Passed 18644 | 180 2070 743 4858 1058 3249 116 4358 2012 Spaces Moved 9803 | 93 1407 446 2328 798 1507 85 2270 869 Core 8 | 7 . . . . 1 . . . Treads 2756 | . 386 446 1033 . 700 . . 191 Legs 195 | 68 . . . . 127 . . . Wheels 6844 | 18 1021 . 1295 798 679 85 2270 678 Hover . | . . . . . . . . . Flight . | . . . . . . . . . Fastest Speed 50 | 50 80 160 110 110 110 125 110 120 Average Speed 147 | 118 107 160 145 120 187 125 143 185 Slowest Speed 3550 | 200 160 160 240 170 3550 125 190 320 Overloaded Moves . | . . . . . . . . . Propulsion Burnouts . | . . . . . . . . . Robots Hopped . | . . . . . . . . . Cave-ins Triggered . | . . . . . . . . . Exploration Rate (%) 75 | 5 98 96 96 99 91 23 91 82 Regions Visited 8 Branch Regions 4 Pre-discovered Areas 3 | . . 1 . 1 1 . . . Known Exits Taken 2 | . . . 1 . . . 1 . Unknown Exits Taken 6 | 1 1 1 . 1 1 1 . . Scrap Searched 2 | . . 2 . . . . . . Spaces Dug 41 | . 2 . 2 . 19 . 12 6 Terrain Destroyed 170 | . 56 . 14 4 36 . 26 34 Melee 25 | . 2 . 2 . 3 . 12 6 Projectile 22 | . . . 6 . 16 . . . AOE 123 | . 54 . 6 4 17 . 14 28 Terrain Rammed . | . . . . . . . . . Walls Destroyed . | . . . . . . . . . Machines Disabled . | . . . . . . . . . Actions | -11 -10 -10 -9 -9 -9 -8 -8 -8 --------- Run | Jun Mat Min Mat Min Exi Min Mat Gar Total 13170 | 129 1864 464 3603 878 1840 88 3191 1113 Wait 2350 | . 325 13 1029 53 139 . 695 96 Move 9796 | 92 1406 445 2327 797 1506 84 2270 869 Hop . | . . . . . . . . . Pick Up 131 | 10 19 . 34 6 30 . 28 4 Fast Attach 35 | 7 5 . 1 2 10 . 8 2 Attach 61 | 1 11 . 8 5 15 . 11 10 Detach 19 | . 4 . . 2 7 . 4 2 Swap 134 | 1 11 . 37 3 7 1 43 31 Drop 96 | 3 8 . 25 3 33 . 23 1 Fire 324 | 15 26 6 76 7 44 3 75 72 Melee 127 | . 28 . 17 . 46 . 18 18 Ram . | . . . . . . . . . Kick . | . . . . . . . . . Crush . | . . . . . . . . . Escape Stasis 8 | . . . . . . . . 8 Rewire 16 | . . . . . . . 16 . Trap 73 | . 21 . 49 . 3 . . . Miscellaneous . | . . . . . . . . . Route ------- -11/Junkyard -10/Materials (discovered 4 exits: *Mat x3 / [*Min]) -10/Mines (discovered 2 exits: *Mat x2) -9/Materials (discovered 4 exits: *Mat x3 / *Min) -9/Mines (discovered 3 exits: *Mat x2 / *Exi) -9/Exiles -8/Mines -8/Materials (discovered 3 exits: [*Fac x2] / Gar) -8/Garrison (discovered 2 exits: [*Mat x2]) History --------- Turn | Location | Event 12 | -11/Junkyard | Discovered new exit (range 16) 181 | -11/Junkyard | Entered Materials 289 | -10/Materials | Discovered new exit (range 14) 312 | -10/Materials | Build established: Mutant 323 | -10/Materials | Discovered new exit (range 12) 511 | -10/Materials | Core integrity fell below 50% 529 | -10/Materials | Discovered new exit (range 15) 553 | -10/Materials | Lost 3 parts (1n2w) 1058 | -10/Materials | Lost 3 parts (1p2w) 1061 | -10/Materials | Discovered new exit (range 13) 1530 | -10/Materials | Repaired Wheel 2251 | -10/Materials | Entered Mines 2251 | -10/Mines | Accompanied by 1 ally 2258 | -10/Mines | Assisted by bots powering up and referring to "LRC-V3" 2546 | -10/Mines | Build established: Commander-Mutant 2554 | -10/Mines | Core integrity fell below 20% 2718 | -10/Mines | Discovered new exit (range 8) 2985 | -10/Mines | Discovered new exit (range 7) 2994 | -10/Mines | Entered Materials 2994 | -9/Materials | Accompanied by 3 allies 2994 | -9/Materials | Evolved 2 slots: Utility x2 3218 | -9/Materials | Build established: Mutant 4737 | -9/Materials | Identified exit to Mines 5134 | -9/Materials | Discovered new exit (range 8) 5727 | -9/Materials | Discovered new exit (range 15) 5794 | -9/Materials | First assault squad dispatched 6521 | -9/Materials | Discovered new exit (range 13) 7379 | -9/Materials | Repaired Rnf. Ion Engine 7852 | -9/Materials | Entered Mines 7860 | -9/Mines | Met a Derelict shopkeep closing up shop 8199 | -9/Mines | Learned Materials terminal intel 8239 | -9/Mines | Assembled infested the area 8306 | -9/Mines | Lost 4 parts (1p1n2u) 8309 | -9/Mines | Discovered new exit (range 8) 8351 | -9/Mines | Met 8R-AWN 8402 | -9/Mines | Discovered new exit (range 5) 8473 | -9/Mines | YI-UF0 nonchalantly dropped a Grenade Launcher on the ground 8478 | -9/Mines | Discovered new exit (range 15) 8583 | -9/Mines | Joined a pair of Derelicts in attacking an 0b10 outpost 8733 | -9/Mines | Learned location of Storage (-7) 8910 | -9/Mines | Entered Exiles 8941 | -9/Exiles | Welcomed by 8R-AWN 8960 | -9/Exiles | Met EX-HEX 9007 | -9/Exiles | Met EX-DEC 9011 | -9/Exiles | Learned location of Zion (-6) 9084 | -9/Exiles | Discovered new exit (range 14) 9650 | -9/Exiles | Learned about 8R-AWN's background 9652 | -9/Exiles | Warned about trapping Exiles lab 10205 | -9/Exiles | Met EX-BIN 10239 | -9/Exiles | Aligned with FarCom system 10241 | -9/Exiles | Given EX-Vault access code 10296 | -9/Exiles | Opened EX-Vault 10316 | -9/Exiles | Found Longsword +1 10324 | -9/Exiles | Found Skeleton Box 10327 | -9/Exiles | Found Modified TNC 10379 | -9/Exiles | Warned to stay clear of 0b10 Research branches 10745 | -9/Exiles | Attacked by the Exiles 10754 | -9/Exiles | Core integrity fell below 50% 10786 | -9/Exiles | Destroyed 7 combat bots 10815 | -9/Exiles | Lost 5 parts (1p2n2u) 10849 | -9/Exiles | Destroyed 8R-AWN 10894 | -9/Exiles | Found Prototype Ballistic Gun 10894 | -9/Exiles | Identified 8R-AWN's Boregun 10903 | -9/Exiles | Found Prototype Device 10903 | -9/Exiles | Identified AS-neutralizer No. 17b 10929 | -9/Exiles | Found Prototype Processor 10980 | -9/Exiles | Destroyed EX-HEX 11015 | -9/Exiles | Core integrity fell below 20% 11598 | -9/Exiles | Destroyed EX-BIN 11602 | -9/Exiles | Found Prototype Device 11602 | -9/Exiles | Identified System Purifier 11636 | -9/Exiles | Destroyed EX-DEC 11648 | -9/Exiles | Identified Exp. Targeting Computer 11665 | -9/Exiles | Found Prototype Processor 11676 | -9/Exiles | Identified Exp. Core Analyzer 11706 | -9/Exiles | Found Deploy-a-Sentry 12159 | -9/Exiles | Left Exiles lab with Deploy-a-Sentry 12159 | -9/Exiles | Entered Mines 12252 | -8/Mines | Discovered new exit (range 8) 12275 | -8/Mines | Entered Materials 12275 | -8/Materials | Evolved 2 slots: Utility x2 12276 | -8/Materials | Loaded intel: 12 terminal locations 13052 | -8/Materials | Garrison activated, responded to threat 13315 | -8/Materials | Build established: Scavenger-Mutant 13574 | -8/Materials | Discovered new exit (range 16) 13699 | -8/Materials | Build established: Mutant 15005 | -8/Materials | Discovered new exit (range 4) 15456 | -8/Materials | Repaired Broken Adv. Transmission Jammer 15604 | -8/Materials | Build established: Hacker-Mutant 15875 | -8/Materials | First assault squad dispatched 15917 | -8/Materials | Build established: Mutant 15944 | -8/Materials | Repaired Broken Imp. Armor Integrity Analyzer? 16633 | -8/Materials | Identified exit to Garrison 16633 | -8/Materials | Entered Garrison 16678 | -8/Garrison | Triggered checkpoint 16713 | -8/Garrison | Core integrity fell below 50% 16777 | -8/Garrison | Garrison Relay disabled 16792 | -8/Garrison | Lost 7 parts (1p2n2u2w) 16889 | -8/Garrison | Triggered checkpoint 16889 | -8/Garrison | Triggered checkpoint 17243 | -8/Garrison | Discovered new exit (range 10) 17290 | -8/Garrison | Triggered checkpoint 17335 | -8/Garrison | Garrison Relay disabled 17505 | -8/Garrison | Core integrity fell below 20% 17688 | -8/Garrison | Triggered checkpoint 17836 | -8/Garrison | Discovered new exit (range 3) 18002 | -8/Garrison | Destroyed 8 combat bots 18151 | -8/Garrison | Spotted B-75 Beast 18244 | -8/Garrison | Garrison Relay disabled 18272 | -8/Garrison | Build established: Scavenger-Mutant 18462 | -8/Garrison | Triggered checkpoint 18637 | -8/Garrison | DAS Turret deployed 18645 | -8/Garrison | Destroyed by G-47 Trooper with Particle Gun Last Messages --------------- 17981_ S-10 Pest destroyed. 18244_ Garrison Relay disabled. 18244_ Relay Coupler [NC] tumbles out of relay unit. 18244_ Relay Coupler [Behemoth] tumbles out of relay unit. 18244_ Relay Coupler [Hunter] tumbles out of relay unit. 18433_ ALERT: Garrison interior compromised. 18457_ Acquired 3 matter. 18460_ Acquired 5 matter. 18462_ Beams of light sweep through the air. An alarm sounds. 18463_ Acquired 1 matter. 18466_ Acquired 9 matter. 18627_ G-47 Trooper knocked back. 18636_ Dropped Deploy-a-Sentry. 18636_ Acquired 1 matter. 18637_ DAS Turret deployed. 18638_ Acquired 5 matter. 18642_ Y-45 Defender destroyed. 18643_ Critical hit (Burn: +37). 18644_ Destroyed Aluminum Leg. 18644_ G-47 Trooper knocked back. Map ----- +----------------------------------------------------+ | ???????????????????????????????????????????????? | | ???????????????????????????????????????????????? | | ???????????????????????????????????????????????? | | ???????????????????????????????????????????????? | | ?????????????????????????????????###???????????? | | ????????????????????????????????? ???????????? | | ????????????????????????????????? ???????????? | | ?????????????????????????????????# ???????????? | | ?????????????????????????????????# ???????????? | | ?????????????????????????????????# ???????????? | | ????????????????????????????????? #??????????? | | ??????????????????+??????????????# #??????????? | | ?????????????????????????????????# #??????????? | | ????????????????????????????????## #??????####? | | ????????????????????????????????? ?????? #? | | ?????????????????????????????????# ?????? #? | | ?????????????????????????????????# #??????# #? | | ???????????????????????????# ##### ####???# #? | | ???????????????????? " " " ##### #? | | ???????????????????????????####### ## " #? | | ?????????????????????????????????# ## ##### #? | | ?????????????????????#+#?????????# ## #???# ## | | ?????????????#???????# #?????????# ## #???# ## | | ?????????????" ?????#g#?????????# ## #??## ## | | ?????????????" ####g########### ##+#### | | ?????????????# %g%tY@ ; | | ?????????????# ################ | | ?????????????# ?????????????????########## ## | | ?????????????#??????????????????????????### ## | | ????????????????????????????????????????# ^ | | ????????????????????????????????????????# ^ | | ????????????????????????????????????????# ^ | | ????????????????????????????????????????#= ^ | | ????????????????????????????????????????### # | | ?????????????????????????????????????????# | | ?????????????????????????????????????????# == | | ?????????????????????????????????????????# | | ?????????????????????????????????????????# | | ?????????????????????????????????????????# # | | ?????????????????????????????????????????### ## | | ???????????????????????????????????????????# ## | | ???????????????????????????????????????????# #? | | ???????????????????????????????????????????# #? | | ???????????????????????????????????????????# #? | | ???????????????????????????????????????????# #? | | ??????????????????????###################### [#? | | ??????????????????????# #? | | ??????????????????????# #? | | ??????????????????????# ####"##############"+#? | | ??????????????????????# #??# #????????????# #? | +----------------------------------------------------+ Best States ------------- Heat Dissipation 45 Energy Generation 14 Energy Capacity 265 Matter Stores 300 Matter Capacity 300 Sight Range 16 Terrain Scan Range 16 Terrain Scan Density 85 Jamming Range 16 Armor Coverage 225 Resistance: EM 15 Core Shielding 20 Evasion (%) 55 Targeting Accuracy 8 Core Analysis 6 Recoil Reduction 4 Particle Charging 15 Offensive Hacking 10 Defensive Hacking 17 Authchip Count 1 Trap Extractor Capacity 4 Item Schematics ----------------- Hvy. Ion Engine | -9/Materials | Scanalyzed Exp. Core Analyzer | -8/Materials | Scanalyzed System Purifier | -8/Materials | Scanalyzed Hcp. Storage Unit | -8/Materials | Scanalyzed Adv. Transmission Jammer | -8/Materials | Scanalyzed Exp. Targeting Computer | -8/Materials | Scanalyzed Imp. Armor Integrity Analyzer | -8/Materials | Scanalyzed Imp. System Guard | -8/Materials | Scanalyzed Robot Schematics ------------------ O-16 Technician | -10/Materials | Hacked Fabricated ------------ Nothing Alien Tech Used ----------------- None Achievements -------------- None Challenges ------------ None Game ------ Seed SpikedMetafieldSaw Manual? 0 Play Time 02:28:25 Cumulative 552.1 hours Start 2023.03.09 @ 00:34:46 End 2023.03.09 @ 03:10:59 Sessions 1 Manual Loads 0 Difficulty Rogue Special Mode None Game No. 393 Rogue 393 Adventurer 0 Explorer 0 Win Type - Total 1 Types 1/0/0/0/0/0/0/0/0 Lore% 69 Gallery% 78 Achievement% 58 Wizard Run 0 Options --------- ASCII 0 Keyboard 0 Movement Mouse Keybinds 0 Fullscreen 1 Font 16/SmallcapsGlow Map View 75x55 Tactical HUD 1 Map Filters NONE Filters NONE Steam 1 RUN: 392f1a8e-fdce-4ba3-8242-e8a8efede633